 Dungeon Crawl Stone Soup version 0.29.1-2-gbd0b4ee654 (webtiles) character file.

Game seed: 6032699165310431424

242 xian the Magician (level 5, -8/35 HPs)
             Began as a Demonspawn Air Elementalist on Nov 8, 2022.
             Mangled by a gnoll
             ... wielding a +1 halberd of electrocution
              (12 damage)
             ... on level 3 of the Dungeon.
             The game lasted 00:07:47 (4509 turns).

xian the Magician (Demonspawn Air Elementalist)     Turns: 4509, Time: 00:07:47

Health: -8/35      AC:  4    Str:  8    XL:     5   Next: 82%
Magic:  2/10       EV: 12    Int: 18    God:
Gold:   157        SH:  4    Dex: 14    Spells: 5/11 levels left

rFire   . . .      SeeInvis +   g - +0 dagger
rCold   . . .      Faith    .   (no shield)
rNeg    . . .      Spirit   .   a - +0 robe
rPois   .          Reflect  .   (helmet restricted)
rElec   .          Harm     .   k - +0 cloak
rCorr   .          Rampage  .   (no gloves)
Will    .....                   v - +0 pair of boots
Stlth   ++........              (no amulet)
HPRegen 0.11/turn               q - ring of see invisible
MPRegen 0.12/turn               (no ring)

@: no status effects
A: horns 1, large bone plates 1
a: no special abilities


You were on level 3 of the Dungeon.
You visited 1 branch of the dungeon, and saw 3 of its levels.

You collected 157 gold pieces.

Inventory:

Hand Weapons
 g - a +0 dagger (weapon)
Armour
 a - a +0 robe (worn)
 b - a +2 plate armour of cold resistance
 k - a +0 cloak (worn)
 v - a +0 pair of boots (worn)
Jewellery
 q - a ring of see invisible (left hand)
Wands
 d - a wand of acid (7)
 n - a wand of flame (17)
Scrolls
 f - a scroll of torment
 i - a scroll of teleportation
 j - 2 scrolls of poison
 o - a scroll of vulnerability
 p - 3 scrolls of identify
 r - a scroll of summoning {unknown}
 t - 2 scrolls of fear {unknown}
 x - a scroll of butterflies {unknown}
Potions
 c - a potion of ambrosia {unknown}
 e - a potion of attraction {unknown}
 h - a potion of haste {unknown}
 l - a potion of berserk rage {unknown}
 m - 3 potions of mutation {unknown}
 s - a potion of degeneration {unknown}
 w - a potion of resistance {unknown}


   Skills:
 + Level 2.2 Dodging
 + Level 2.0 Stealth
 + Level 0.2 Shields
 + Level 3.8 Spellcasting
 + Level 3.2 Conjurations
 + Level 3.6 Air Magic


You had 5 spell levels left.
You knew the following spells:

 Your Spells              Type           Power      Damage    Failure   Level
a - Shock                 Conj/Air       60%        1d6       3%          1
b - Static Discharge      Conj/Air       15%        3-5/arc   5%          2
c - Swiftness             Air            16%        N/A       11%         3

Your spell library contained the following spells:

 Spells                   Type           Power      Damage    Failure   Level
 Airstrike                Air            8%         2d(2-18)  34%         4
 Call Canine Familiar     Summ           3%         N/A       41%         3
 Portal Projectile        Hex/Tloc       6%         N/A       41%         3
 Leda's Liquefaction      Hex/Erth       1%         N/A       83%         4


Dungeon Overview and Level Annotations

Branches:
Dungeon (3/15)

Altars:

Annotations:
D:3 1 transporter, jamesblauser's ghost, amateur MiBe


Innate Abilities, Weirdness & Mutations

You have a pair of small horns on your head.
You are partially covered in large bone plates. (SH +4)


Message History

The gnoll is struck by an arc of lightning.
The gnoll is severely wounded.
You are struck by an arc of lightning.
The lightning grounds out.
The gnoll hits you but does no damage. The gnoll closely misses you.
Unknown command.
Casting: Static Discharge (safe; 6% risk of failure)
Confirm with . or Enter, or press ? or * to list all spells.
The gnoll is struck by an arc of lightning.
You kill the gnoll!
You are struck by an arc of lightning.
The gnoll hits you from afar with a +0 spear of chaos!
* * * LOW HITPOINT WARNING * * *
Unknown command.
You feel better. The gnoll hits you but does no damage.
Things that are here:
a wand of flame (17); a gnoll corpse
n - a wand of flame (17)
The gnoll barely misses you.
Casting: Static Discharge (safe; 5% risk of failure)
Confirm with . or Enter, or press ? or * to list all spells.
The gnoll is struck by an arc of lightning!
The gnoll is severely wounded.
The gnoll is struck by an arc of lightning.
The gnoll is moderately wounded.
The gnoll is struck by an arc of lightning.
The gnoll is moderately wounded.
The lightning grounds out.
The gnoll barely misses you.
The gnoll hits you from afar with a +1 halberd of electrocution.
* * * LOW HITPOINT WARNING * * *
You block the gnoll's attack.
Unknown command.
Casting: Static Discharge (safe; 5% risk of failure)
Confirm with . or Enter, or press ? or * to list all spells.
The gnoll is struck by an arc of lightning.
You kill the gnoll!
The gnoll is struck by an arc of lightning.
The gnoll is heavily wounded.
The lightning grounds out.
The gnoll barely misses you.
The gnoll hits you from afar with a +1 halberd of electrocution!
You die...

#..≈≈####.....####≈≈.###.
#..≈≈#..#8###8#..#≈≈.##..
##.≈≈#..###g###..#≈≈.##..
#.≈≈#...........#≈≈.##..
#.≈≈###.##'##.###≈≈.##..
#.≈≈..#.#...#.#..≈≈.##..
#.≈≈.##.#⌠.⌠#.##.≈≈.###.
#.≈≈.#..#...#..#.≈≈.###.
#.≈≈.##@##.##.##.≈≈.....
#.≈≈..#)#...#.#.....###.
#.~~.©#gg.g.'.#©....###.
##.≈≈..#.#8⌠8#.#.........
#..≈≈.##.#####.##.≈≈.####
#..≈≈.#©.# #gg#.≈≈.# #.
#..≈≈.##.# #.##.≈≈.# #.
#..≈≈..#.# .#.#..≈≈.# ##
#..≈≈###.##'##.###≈≈.#


You could see 2 gnolls.

Vanquished Creatures
  A kobold brigand (D:3)
  Jessica (D:3)
  Robin (D:3)
  2 gnolls (D:3)
  4 adders
  A worm (D:3)
  2 orcs (D:3)
  5 bats
  4 endoplasms
  2 giant cockroaches (D:3)
  15 goblins
  10 hobgoblins
  A jackal (D:3)
  5 quokkas
  7 ball pythons
  A frilled lizard (D:3)
  17 kobolds
  3 rats
82 creatures vanquished.

Vanquished Creatures (others)
  6 plants (D:3)
6 creatures vanquished.

Grand Total: 88 creatures vanquished

Notes
Turn   | Place    | Note
-------+----------+-------------------------------------------
     0 | D:1      | xian the Demonspawn Air Elementalist began the quest for
                  | the Orb.
     0 | D:1      | Reached XP level 1. HP: 13/13 MP: 3/3
   369 | D:1      | Found a faded altar of an unknown god.
   581 | D:1      | Gained mutation: You are partially covered in large bone
                  | plates. (SH +4) [demonic ancestry]
   581 | D:1      | Reached XP level 2. HP: 19/19 MP: 0/5
   918 | D:1      | Learned a level 2 spell: Static Discharge
  1573 | D:2      | Reached XP level 3. HP: 23/24 MP: 0/6
  1577 | D:2      | Learned a level 3 spell: Swiftness
  2482 | D:3      | Noticed Jessica
  2489 | D:3      | Killed Jessica
  2490 | D:3      | Gained mutation: You have a pair of small horns on your
                  | head. [demonic ancestry]
  2490 | D:3      | Reached XP level 4. HP: 26/30 MP: 1/8
  2649 | D:3      | Noticed Robin
  2669 | D:3      | Killed Robin
  3215 | D:3      | Found a transporter.
  3224 | D:3      | Identified the +10 spear "Eleul" {venom, Str+4}
  3254 | D:3      | Identified the +1 ring mail "Qyhecva" {-Cast Rampage +Inv
                  | Dex+3}
  3497 | D:3      | Reached XP level 5. HP: 35/35 MP: 2/10
  3941 | D:3      | HP: 1/35 [/static electricity (2)]
  4451 | D:3      | Found a transporter.
  4471 | D:3      | Noticed jamesblauser's ghost (amateur MiBe)
  4481 | D:3      | Identified the ring "Huopohiu" {rPois Int+4 SInv}
  4509 | D:3      | Mangled by a gnoll

Illustrated notes

Levels and vault maps discovered:
D:1:      psy_arrival_fountain, layout_basic, shapermc_ecumenical_altar_ellora
D:2:      layout_basic
D:3:      cheibrodos_thug_alley, layout_basic, gammafunk_ghost_gnarly_gnolls,
          minmay_circle_x, uniq_jessica, uniq_robin

Skill      XL: |  1  2  3  4  5 |
---------------+----------------+-----
Air Magic      | 3 |  3.6
Dodging        | 2 |  2.2
Conjurations   | 2 3 |  3.2
Spellcasting   | 3 |  3.8
Stealth        | 2 |  2.0
Shields        | |  0.2

Action                   |  1- 3 |  4- 6 || total
-------------------------+-------+-------++-------
Melee: Unarmed           |    11 |       ||    11
       Dagger            |    10 |    20 ||    30
       Headbutt          |       |     2 ||     2
 Cast: Shock             |    75 |    85 ||   160
       Static Discharge  |     4 |    12 ||    16
  Use: Scroll            |     5 |       ||     5
       Potion            |       |     2 ||     2
Armor: Robe              |     3 |    14 ||    17
Dodge: Dodged            |    21 |    41 ||    62
Block: Other             |     5 |     5 ||    10
